 Dungeon Crawl Stone Soup version 0.27.1-3-gb3d3a73c9e (webtiles) character file.

Game seed: 7992855208781681465

134 CuBeRJAN3 the Skirmisher (level 5, 0/32 HPs)
             Began as a Gargoyle Fire Elementalist on Oct 8, 2021.
             Slain by an ogre (9 damage)
             ... on level 4 of the Dungeon.
             The game lasted 00:13:00 (5157 turns).

CuBeRJAN3 the Skirmisher (GrFE)                     Turns: 5157, Time: 00:13:01

Health: 0/32       AC: 12    Str: 13    XL:     5   Next: 17%
Magic:  8/8        EV:  6    Int: 15    God:
Gold:   6          SH:  0    Dex: 10    Spells: 7/8 levels left

rFire    . . .     SeeInvis .   f - +0 battleaxe (elec)
rCold    . . .     Faith    .   (shield currently unavailable)
rNeg     + . .     Spirit   .   l - +0 chain mail
rPois    ∞         Reflect  .   (no helmet)
rElec    +         Harm     .   (no cloak)
rCorr    .         Rampage  .   (no gloves)
Will     .....                  (no boots)
Stlth    ..........             (no amulet)
HPRegen  0.10/turn              (no ring)
MPRegen  0.11/turn              (no ring)

@: no status effects
A: sickness immunity, AC +4, negative energy resistance 1, electricity
resistance, torment resistance 1, petrification resistance
a: no special abilities


You were on level 4 of the Dungeon.
You visited 1 branch of the dungeon, and saw 4 of its levels.

You collected 102 gold pieces.
You spent 96 gold pieces at shops.

Inventory:

Hand Weapons
 f - a +0 battleaxe of electrocution (weapon)
Armour
 a - a +0 robe
 l - a +0 chain mail (worn)
Scrolls
 b - a scroll of teleportation
 d - 2 scrolls of immolation
 i - a scroll of fear
 j - a scroll of enchant weapon {unknown}
 m - a scroll of silence {unknown}
Potions
 c - 2 potions of magic
 h - a potion of mutation
 k - a potion of curing {unknown}
 n - a potion of might {unknown}


   Skills:
 * Level 3.1 Fighting
 * Level 2.1 Axes
 + Level 2.4 Armour
 - Level 1.5 Dodging
 - Level 2.1 Stealth
 - Level 2.0 Spellcasting
 - Level 1.1 Conjurations
 - Level 3.0 Fire Magic


You had 7 spell levels left.
You knew the following spells:

 Your Spells              Type           Power      Damage    Failure   Level
a - Foxfire               Conj/Fire      28%        2x1d5     97%         1

Your spell library contained the following spells:

 Spells                   Type           Power      Damage    Failure   Level
 Magic Dart               Conj           16%        1d3       99%         1
 Pain                     Necr           4%         1d4       100%        1
 Sting                    Tmut/Pois      4%         1d3       100%        1
 Call Imp                 Summ           1%         N/A       100%        2
 Poisonous Vapours        Pois/Air       2%         N/A       100%        2
 Conjure Flame            Conj/Fire      7%         6-21      100%        3
 Inner Flame              Hex/Fire       6%         N/A       100%        3
 Mephitic Cloud           Conj/Pois/Air  2%         N/A       100%        3
 Olgreb's Toxic Radiance  Pois           1%         N/A       100%        4
 Sticky Flame             Conj/Fire      7%         2d3       100%        4
 Agony                    Necr           1%         N/A       100%        5
 Excruciating Wounds      Necr           0%         N/A       100%        5
 Fireball                 Conj/Fire      3%         3d4       100%        5


Dungeon Overview and Level Annotations

Branches:
Dungeon (4/15)
 Temple: D:4-7

Altars:
Vehumet

Shops:
D:1 (   D:4 ?[[

Annotations:
D:3 3 runed translucent doors, exclusion: 3 doors, Sopaderocas's ghost, amateur DrWr
D:4 shop - ench armor+weapon + runed robe


Innate Abilities, Weirdness & Mutations

You are immune to sickness and miasma.
Your stone body is resilient. (AC +4)
You are immune to poison.
You resist negative energy. (rN+)
You are resistant to electric shocks. (rElec)
You are resistant to unholy torment.
You are immune to petrification.


Message History

You climb downwards.
You hear the sound of rushing water.
There is an entrance to a sewer on this level.
Hurry and find it before the portal rusts away!
Level annotation: shop - ench armor+weapon + runed robe You hear the rapid rusting of a distant drain.
The ogre hits you but does no damage.
There is a stone staircase leading up here.
You slash the ogre! Lightning courses through the ogre!
The ogre is severely wounded.
The ogre hits you with a +0 giant club!!
Ouch! That really hurt!
Blink to where?
Press: ? - help, Dir - move target
As you read the scroll of blinking, it crumbles to dust.
You climb upwards.
Level annotation: 3 runed translucent doors, exclusion: 3 doors, Sopaderocas's ghost, amateur DrWr
There is a stone staircase leading down here.
You start resting.
HP restored.
There is an open door here.
You see here a +0 club.
There is an open door here.
There is a stone staircase leading down here.
There is a stone staircase leading down here.
There is a stone staircase leading down here.
You climb downwards.
You hear the sound of rushing water.
There is an entrance to a sewer on this level.
Hurry and find it before the portal rusts away!
The walls and floor vibrate strangely for a moment.
Level annotation: shop - ench armor+weapon + runed robe The ogre shouts!
There is a stone staircase leading up here.
You slash the ogre!
The ogre is moderately wounded.
The ogre hits you with a +0 giant club! x2
* * * LOW HITPOINT WARNING * * *
You slash the ogre!
The ogre is severely wounded.
The ogre hits you with a +0 giant club!
You die...

#... #... #... #...
#... #... ######
#... #....# .....
#.@O.# #......
#....####.####...>.
#..................
#....###...........
#....# #....
#####..<.# ...
#..(.....# .
#.######## #.#


You could see an ogre.

Vanquished Creatures
  A hound (D:4)
  An orc priest (D:3)
  2 adders (D:3)
  A worm (D:3)
  2 orcs (D:2)
  3 ball pythons
  4 endoplasms
  2 giant cockroaches (D:2)
  7 goblins
  6 hobgoblins
  A quokka (D:3)
  9 bats
  5 frilled lizards
  3 kobolds
  3 rats
50 creatures vanquished.

Vanquished Creatures (others)
  34 foxfires
34 creatures vanquished.

Grand Total: 84 creatures vanquished

Notes
Turn   | Place    | Note
-------+----------+-------------------------------------------
     0 | D:1      | CuBeRJAN3 the Gargoyle Fire Elementalist began the quest
                  | for the Orb.
     0 | D:1      | Reached XP level 1. HP: 10/10 MP: 3/3
     3 | D:1      | Noticed an electric eel
     4 | D:1      | Noticed an electric eel
   356 | D:1      | Reached skill level 1 in Fighting
   356 | D:1      | Reached skill level 1 in Armour
   408 | D:1      | Found Kuheoplu's Antique Weapon Shoppe.
   463 | D:1      | Found a faded altar of an unknown god.
   508 | D:1      | Reached XP level 2. HP: 16/16 MP: 0/5
  1954 | D:2      | Reached XP level 3. HP: 21/21 MP: 6/6
  2672 | D:3      | Reached skill level 1 in Axes
  2872 | D:3      | Found a runed translucent gate.
  2872 | D:3      | Found a runed translucent gate.
  2872 | D:3      | Found a runed translucent gate.
  2880 | D:3      | Noticed Sopaderocas's ghost (amateur DrWr)
  3676 | D:3      | Reached XP level 4. HP: 27/27 MP: 7/7
  4277 | D:4      | Reached XP level 5. HP: 24/32 MP: 8/8
  4319 | D:4      | Found a radiant altar of Vehumet.
  4320 | D:4      | Noticed an ogre
  4563 | D:4      | Found Hiapny's Magic Scroll Emporium.
  4563 | D:4      | Found Xonalor's Antique Armour Shoppe.
  4563 | D:4      | Found Mila's Antique Armour Emporium.
  4567 | D:4      | Bought a scroll of identify for 24 gold pieces
  4567 | D:4      | Bought a scroll of identify for 24 gold pieces
  4567 | D:4      | Bought a scroll of identify for 24 gold pieces
  4567 | D:4      | Bought a scroll of identify for 24 gold pieces
  4569 | D:4      | Identified a scroll of acquirement
  4571 | D:4      | Acquired a +0 battleaxe of electrocution
  4623 | D:4      | Noticed an ogre
  5157 | D:4      | Slain by an ogre

Illustrated notes

Levels and vault maps discovered:
D:1:      arrival_aquarium_b, layout_basic, serial_shops, shop,
          serial_corexii_hall, corexii_hall_statues_s, corexii_hall_statues_l,
          basic_ecumenical_altar, amcnicky_mini_pool_small,
          chequers_serial_rivers_small_b
D:2:      layout_basic, kennysheep_cluttered_room
D:3:      layout_loops_corners, gammafunk_ghost_split,
          chequers_hall_statues_corner_a
D:4:      minmay_wonky_spiral, layout_rooms, vehumet_altar_wand_db,
          lemuel_crystal_altar, portal_sewer_entry_d, serial_shops,
          nicolae_inconvenience_store, nicolae_wooded_promenade

Skill      XL: |  1  2  3  4 |
---------------+-------------+-----
Fighting       | 1 2 3 |  3.1
Armour         | 1 2 |  2.4
Axes           | 1 2 |  2.1
Dodging        | |  1.5
Stealth        | |  2.1
Spellcasting   | |  2.0
Conjurations   | |  1.1
Fire Magic     | |  3.0

Action                   |  1- 3 |  4- 6 || total
-------------------------+-------+-------++-------
Melee: Unarmed           |     8 |       ||     8
       Hand axe          |   120 |    35 ||   155
       Battleaxe         |       |     4 ||     4
 Cast: Foxfire           |    24 |       ||    24
  Use: Scroll            |     3 |     6 ||     9
 Stab: Sleeping          |     2 |       ||     2
Armor: Robe              |    32 |       ||    32
       Chain mail        |    33 |    32 ||    65
Dodge: Dodged            |    78 |    12 ||    90
